 Dungeon Crawl Stone Soup version 0.28.0-43-g3370ac3207 (webtiles) character file.

Game seed: 3639876710284840318

4865 CryoSword the Covert (level 10, -3/63 HPs)
             Began as a Kobold Earth Elementalist on Mar 7, 2022.
             Was a Priest of Ru.
             Slain by a sixfirhy (10 damage)
             ... summoned by a kobold demonologist
             ... on level 8 of the Dungeon.
             The game lasted 00:28:27 (10799 turns).

CryoSword the Covert (Kobold Earth Elementalist)   Turns: 10799, Time: 00:28:27

Health: -3/63      AC:  7    Str:  9    XL:     10   Next: 79%
Magic:  11/13      EV: 17    Int: 17    God:    Ru [***...]
Gold:   440        SH:  0    Dex: 16    Spells: 7/13 levels left

rFire   + . .      SeeInvis +   a - +2 dagger (venom)
rCold   . . .      Faith    .   (no shield)
rNeg    + . .      Spirit   .   B - +2 robe {rF+}
rPois   .          Reflect  .   d - +0 mask of the Dragon {Will+ Slay+3 SInv}
rElec   .          Harm     .   (no cloak)
rCorr   +          Rampage  .   j - +2 pair of gloves of Mupnejuk {rCorr}
Will    +....                   (no boots)
Stlth   +++++.....              (no amulet)
HPRegen 0.20/turn               z - ring of flight
MPRegen 0.13/turn               C - ring of positive energy

@: flying
A: small, no large weapons, nightstalker 3, inability to use devices, unskilled
1
a: Renounce Religion, Draw Out Power


You were on level 8 of the Dungeon.
You worshipped Ru.
Ru was most pleased with you.
You visited 1 branch of the dungeon, and saw 8 of its levels.

You collected 440 gold pieces.

Inventory:

Hand Weapons
 a - a +2 dagger of venom (weapon)
   (You took it off a goblin on level 3 of the Dungeon)
Missiles
 b - 23 poisoned darts (quivered)
 c - 52 stones
 e - a curare-tipped dart
 s - 3 boomerangs
Armour
 d - the +0 mask of the Dragon (worn) {Will+ Slay+3 SInv}
   (You acquired it on level 3 of the Dungeon)

   Slay:      It affects your accuracy & damage with ranged weapons and melee
   (+3).
   SInv:      It lets you see invisible.
   Will:      It increases your willpower.
 j - the +2 pair of gloves of Mupnejuk (worn) {rCorr}
   (You found it on level 3 of the Dungeon)

   rCorr:     It protects you from acid and corrosion.
 k - an orb of wrath
   (You found it on level 8 of the Dungeon)
 B - a +2 robe of fire resistance (worn)
   (You found it on level 6 of the Dungeon)
Jewellery
 f - a ring of fire
   (You found it on level 1 of the Dungeon)
 z - a ring of flight (left hand)
   (You found it on level 5 of the Dungeon)
 C - a ring of positive energy (right hand)
   (You found it on level 6 of the Dungeon)
Scrolls
 g - 2 scrolls of vulnerability {unknown}
 l - 4 scrolls of teleportation {unknown}
 m - a scroll of fear {unknown}
 n - 3 scrolls of identify {@r1}
 u - a scroll of immolation {unknown}
 v - a scroll of silence {unknown}
 w - a scroll of summoning {unknown}
 y - a scroll of noise {unknown}
 D - a scroll of enchant armour {unknown}
 E - a scroll of blinking {unknown}
Potions
 h - 4 potions of mutation {!q}
 i - 2 potions of attraction {!q}
 o - a potion of curing {@q1}
 p - a potion of haste {@q3}
 q - a potion of ambrosia
 r - 2 potions of heal wounds {@q2}
 t - 2 potions of magic {unknown}
 x - a potion of lignification {unknown}
 A - a potion of resistance {unknown}
 F - a potion of berserk rage {unknown}


   Skills:
 + Level 7.2 Fighting
 + Level 8.5 Short Blades
 + Level 6.2 Dodging
 + Level 9.8 Stealth
 - Level 2.0 Spellcasting
 * Level 0.0 Conjurations
 - Level 2.6 Transmutations
 + Level 6.0 Earth Magic


You had 7 spell levels left.
You knew the following spells:

 Your Spells              Type           Power      Damage    Failure   Level
a - Sandblast             Erth           44%        2d11      1%          1
b - Stone Arrow           Conj/Erth      22%        3d8       17%         3
c - Passwall              Tmut/Erth      13%        N/A       4%          2

Your spell library contained the following spells:

 Spells                   Type           Power      Damage    Failure   Level
 Petrify                  Tmut/Erth      16%        N/A       32%         4
 Animate Armour           Summ/Erth      22%        N/A       50%         4
 Blade Hands              Tmut           5%         N/A       87%         5
 Iron Shot                Conj/Erth      5%         9d2       100%        6


Dungeon Overview and Level Annotations

Branches:
Dungeon (8/15)             Temple (0/1) D:6
   Lair: D:8-11

Altars:
Ashenzari
Elyvilon
Kikubaaqudgha
Ru
Vehumet
Wu Jian
Yredelemnul
The Shining One

Annotations:
D:5 2 transporters, Elsvaer's ghost, novice DECj
D:8 1 runed translucent door


Innate Abilities, Weirdness & Mutations

You are small and have problems with some larger weapons.
You are completely attuned to the shadows.
You cannot study or use magical devices.
You are somewhat unskilled. (-1 Apt)


Message History

A howler monkey comes into view.
The howler monkey howls!
You redirect the howler monkey's attack!
You hit the howler monkey.
The howler monkey is poisoned.
The howler monkey closely misses you.
You barely miss the howler monkey. You hit the howler monkey.
The howler monkey looks as sick as possible!
The howler monkey hoots and howls with incredible vigour!
You hear a shout! x3; You hear an angry hiss.
You hear a shout!
You puncture the howler monkey!
The howler monkey looks as sick as possible!
The howler monkey completely misses you.
You barely miss the howler monkey.
You kill the howler monkey!
An orc comes into view. It is wielding a +0 club.
The orc moves out of view.
An orc comes into view. It is wielding a +0 dagger.
The orc closely misses you.
An orc priest comes into view. It is wielding a +0 hand axe.
The orc warrior shouts!
The orc priest shouts!
You hit the orc but do no damage.
The orc is poisoned.
The orc hits you but does no damage.
An orc priest comes into view. It is wielding a +0 flail.
The orc priest begins to pray, but is stunned by your conviction!
You kill the orc!
An orc comes into view. It is wielding a +0 hand axe.
Aim: an orc priest, wielding a +0 flail and wearing a +0 chain mail (86% to hit)
The blast of sand hits the orc priest.
c - 56 stones The orc priest casts a cantrip, but nothing happens.
You hit the orc priest.
The orc priest is poisoned.
The orc priest barely misses you.
You hit the orc priest.
You hit the orc priest but do no damage.
The orc priest looks as sick as possible!
You punch the orc priest.
The orc priest casts a cantrip, but nothing happens.
The orc shouts!
You hit the orc priest but do no damage.
The orc priest looks as sick as possible!
You hear a shout!
The orc priest hits you but does no damage.
You completely miss the orc warrior. The orc warrior closely misses you.
You barely miss the orc warrior.
You hit the orc warrior but do no damage.
The orc warrior is poisoned.
You kill the orc priest!
The orc warrior hits you with a +0 short sword!
You hit the orc warrior.
The orc warrior looks as sick as possible!
The orc warrior misses you.
You closely miss the orc warrior. The orc hits you with a +0 hand axe.
You focus your inner power and illuminate the orc in retribution!
You puncture the orc!
You kill the orc!
The orc warrior barely misses you. The orc warrior completely misses you.
You see here a +0 hand axe.
You hit the orc warrior but do no damage.
The orc warrior looks as sick as possible!
You barely miss the orc warrior.
The orc warrior hits you with a +0 short sword!
You hit the orc warrior but do no damage.
You barely miss the orc warrior. The orc warrior misses you.
You barely miss the orc warrior.
The orc warrior hits you but does no damage.
The orc warrior closely misses you.
Things that are here:
a +0 flail; a +0 chain mail; an orc corpse You hit the orc warrior but do no damage.
You hit the orc warrior but do no damage.
The orc warrior looks as sick as possible!
You kill the orc warrior!
You start resting.
An orc priest is nearby!
The orc priest is stunned by your conviction and fails to attack.
You hit the orc priest.
The orc priest looks braver for a moment.
You hit the orc priest but do no damage.
The orc priest is poisoned.
You closely miss the orc priest.
The orc priest hits you but does no damage.
You closely miss the orc priest. You closely miss the orc priest.
The orc priest hits you with a +0 hand axe.
You completely miss the orc priest. You hit the orc priest.
The orc priest looks as sick as possible!
The orc priest barely misses you.
You hit the orc priest.
The orc priest looks as sick as possible!
The orc priest barely misses you.
You closely miss the orc priest. You hit the orc priest.
You kill the orc priest!
You see here a +0 whip.
You reach down and close the door.
Items here: " )) [[ †.
An orc wizard comes into view. It is wielding a +0 spear.
Aim: an orc wizard, wielding a +0 spear and wearing a +0 robe (wandering, hasn't noticed you, 76% to hit)
The blast of sand hits the orc wizard!
The orc wizard shouts!
c - 55 stones The orc wizard barely misses you.
Aim: an orc wizard, wielding a +0 spear and wearing a +0 robe (heavily wounded, 76% to hit)
The blast of sand hits the orc wizard!
You kill the orc wizard!
c - 54 stones
Okay, then.
You start resting.
A kobold demonologist comes into view. It is wielding a +0 trident.
You hit the kobold demonologist.
The kobold demonologist hits you but does no damage.
You hit the kobold demonologist.
The kobold demonologist is poisoned.
You hit the kobold demonologist.
The kobold demonologist looks as sick as possible!
You redirect the kobold demonologist's attack!
The kobold demonologist hits you with a +0 trident.
You hit the kobold demonologist.
The kobold demonologist gestures wildly while chanting.
You barely miss the kobold demonologist.
You closely miss the kobold demonologist.
You punch the kobold demonologist, but do no damage.
The kobold demonologist hits you but does no damage.
The sixfirhy hits you. The sixfirhy shocks you!
You hit the kobold demonologist. The sixfirhy barely misses you.
The sixfirhy hits you! The sixfirhy shocks you!
* * * LOW HITPOINT WARNING * * *
The sixfirhy is stunned by your conviction and fails to attack. x2
The sixfirhy misses you. The kobold demonologist misses you.
The sixfirhy closely misses you.
Aim: a kobold demonologist, wielding a +0 trident and wearing a +0 robe (heavily wounded, extremely poisoned, 73% to hit)
The blast of sand hits the kobold demonologist but does no damage.
c - 53 stones The kobold demonologist drinks a potion.
The kobold demonologist seems to speed up.
Aim: a kobold demonologist, wielding a +0 trident and wearing a +0 robe (heavily wounded, fast, very poisoned, 73% to hit)
The blast of sand hits the kobold demonologist but does no damage.
c - 52 stones The kobold demonologist barely misses you.
The kobold demonologist closely misses you.
You miss the kobold demonologist.
The kobold demonologist closely misses you.
You hit the kobold demonologist. The sixfirhy hits you!
* * * LOW HITPOINT WARNING * * *
The sixfirhy shocks you!
* * * LOW HITPOINT WARNING * * *
The sixfirhy hits you!
You die...

#.......... #(.........
#....(.....
####......>...
####.##..........
####.##.............
##.##...............#
##...................#
.##....@3.............##
.....##.K...#....)....#
.....##.....##..##...##
......#......##....###
.....##.[........###
...............###
.............###
...........### ....##'


You could see a kobold demonologist (fast, very poisoned) and a sixfirhy
(summoned).

Vanquished Creatures
  Pikel (D:4)
  2 trolls (D:7)
  A hornet (D:8)
  4 yaks
  A water moccasin (D:6)
  3 orc warriors
  2 ice beasts
  4 necrophages
  3 centaurs
  6 ogres
  2 phantoms
  3 kobold brigands
  A wyvern zombie (D:8)
  2 scorpions (D:6)
  A water moccasin zombie (D:6)
  A water moccasin skeleton (D:5)
  5 jellies
  A howler monkey (D:8)
  A wight (D:4)
  3 centaur zombies
  3 hounds
  A human zombie (D:4)
  3 orc priests
  A gnoll shaman (D:6)
  Ijyb (D:3)
  3 orc wizards
  2 mummies (D:4)
  3 hound zombies (D:4)
  Robin (D:3)
  A howler monkey skeleton (D:6)
  6 adders
  3 ufetubi
  2 adder zombies (D:4)
  2 worms
  4 dart slugs
  22 orcs
  15 endoplasms
  5 giant cockroaches
  9 hobgoblins
  8 jackals
  6 quokkas
  7 ball pythons
  5 bats
  4 frilled lizards
  20 goblins
  12 kobolds
  8 rats
204 creatures vanquished.

Vanquished Creatures (others)
  6 withered plants (D:1)
6 creatures vanquished.

Grand Total: 210 creatures vanquished

Notes
Turn   | Place    | Note
-------+----------+-------------------------------------------
     0 | D:1      | CryoSword the Kobold Earth Elementalist began the quest for
                  | the Orb.
     0 | D:1      | Reached XP level 1. HP: 10/10 MP: 3/3
   286 | D:1      | Reached XP level 2. HP: 12/16 MP: 3/5
   468 | D:1      | Reached skill level 3 in Stealth
   637 | D:1      | Reached XP level 3. HP: 17/20 MP: 4/6
   790 | D:1      | Reached skill level 1 in Fighting
   996 | D:1      | Found a faded altar of an unknown god.
  1534 | D:2      | Reached XP level 4. HP: 24/25 MP: 5/7
  1716 | D:1      | Reached skill level 1 in Short Blades
  2686 | D:3      | Noticed Robin
  2749 | D:3      | Learned a level 3 spell: Stone Arrow
  2752 | D:3      | Learned a level 2 spell: Passwall
  2861 | D:3      | Found a sacrificial altar of Ru.
  2871 | D:3      | Became a worshipper of Ru the Awakened
  2887 | D:3      | Reached XP level 5. HP: 21/29 MP: 5/8
  3125 | D:3      | Identified the +2 pair of gloves of Mupnejuk {rCorr}
  3292 | D:3      | Killed Robin
  3571 | D:3      | Noticed Ijyb
  3584 | D:3      | Killed Ijyb
  3865 | D:3      | Identified a scroll of acquirement
  3871 | D:3      | Acquired the +0 mask of the Dragon {Will+ Slay+3 SInv}
  3871 | D:3      | Found the +0 mask of the Dragon {Will+ Slay+3 SInv}
  3952 | D:4      | Noticed a lemure
  3953 | D:4      | Noticed a lemure
  4020 | D:4      | Found a basalt altar of Yredelemnul.
  4033 | D:4      | Reached XP level 6. HP: 14/35 MP: 5/9
  4243 | D:4      | Reached skill level 4 in Stealth
  4518 | D:4      | Noticed Pikel
  4558 | D:4      | Killed Pikel
  4559 | D:4      | Reached skill level 5 in Stealth
  4559 | D:4      | Reached skill level 5 in Earth Magic
  4559 | D:4      | Reached XP level 7. HP: 9/41 MP: 8/10
  4559 | D:4      | Reached XP level 8. HP: 10/46 MP: 8/11
  4950 | D:4      | Gained mutation: You are somewhat unskilled. (-1 Apt) [Ru
                  | sacrifice]
  4950 | D:4      | Reduced skill Stealth to level 4
  4950 | D:4      | Reached * piety under Ru
  5039 | D:4      | Found an ornate altar of the Wu Jian Council.
  5276 | D:4      | Reached skill level 5 in Stealth
  5336 | D:5      | Entered Level 5 of the Dungeon
  5919 | D:5      | Found a transporter.
  5920 | D:5      | Found a transporter.
  6174 | D:5      | Found a white marble altar of Elyvilon.
  6174 | D:5      | Found a glowing golden altar of the Shining One.
  6176 | D:5      | Reached skill level 6 in Stealth
  6176 | D:5      | Found an ancient bone altar of Kikubaaqudgha.
  6282 | D:5      | Noticed Elsvaer's ghost (novice DECj)
  6463 | D:6      | Reached skill level 5 in Short Blades
  6463 | D:6      | Reached XP level 9. HP: 40/52 MP: 12/12
  6697 | D:6      | Reached skill level 7 in Stealth
  6723 | D:6      | Reached skill level 5 in Fighting
  7133 | D:6      | Found a radiant altar of Vehumet.
  7374 | D:6      | Found a broken altar of Ashenzari.
  7393 | D:6      | Reached skill level 8 in Stealth
  7496 | D:6      | Gained mutation: You cannot study or use magical devices.
                  | [Ru sacrifice]
  7496 | D:6      | Reached ** piety under Ru
  7496 | D:6      | Reached *** piety under Ru
  7523 | D:6      | Found a staircase to the Ecumenical Temple.
  8195 | D:7      | Reached XP level 10. HP: 42/60 MP: 10/13
  8671 | D:7      | Reached skill level 5 in Dodging
  9286 | D:7      | Reached skill level 9 in Stealth
 10237 | D:8      | Found a runed translucent door.
 10269 | D:8      | Noticed a deep elf pyromancer
 10270 | D:8      | Noticed a boulder beetle
 10561 | D:8      | Noticed a gargoyle
 10783 | D:8      | Noticed a kobold demonologist
 10792 | D:8      | Noticed a sixfirhy
 10799 | D:8      | Slain by a sixfirhy

Illustrated notes

Levels and vault maps discovered:
D:1:      minmay_arrival_radiant_lines, layout_basic, serial_forest,
          infiniplex_forest_clump_tiny, infiniplex_forest_corner_1,
          infiniplex_forest_lined_corner, infiniplex_forest_pool,
          infiniplex_forest_pool, infiniplex_forest_corner_2,
          ebering_ecumenical_altar_petrified
D:2:      layout_rooms
D:3:      layout_loops_ring, old_standard_altar, uniq_robin, uniq_ijyb
D:4:      layout_rooms, lemuel_crystal_altar,
          lemuel_mausoleum_altar_yredelemnul, minmay_box_of_dots, uniq_pikel
D:5:      layout_gridville, minitemple, gammafunk_ghost_hive,
          minmay_misc_feat_encased, nicolae_figureground_sparkle
D:6:      cheibrodos_barr_body, layout_cave_pools, vehumet_crystals,
          evilmike_ruin_ashenzari, minmay_temple_entry_trees
D:7:      layout_rooms
D:8:      minmay_the_grid_four_pointed_star
          [minmay_the_grid_triangle_9x9_fully_insulated_deathbox,
          minmay_the_grid_triangle_9x9_steps,
          minmay_the_grid_triangle_9x9_longest,
          minmay_the_grid_triangle_9x9_sprig,
          minmay_the_grid_prize_four_corners], layout_cave_pools, uniq_joseph

Skill      XL: |  1  2  3  4  5  6  7  8  9 10 |
---------------+-------------------------------+-----
Stealth        | 3 5 6 8 9 |  9.8
Fighting       | 1 3 4 6 7 |  7.2
Short Blades   | 1 2 3 5 7 8 |  8.5
Dodging        | 3 4 3 4 6 |  6.2
Earth Magic    | 4 5 6 |  6.0
Transmutations | 2 3 2 |  2.6
Spellcasting   | |  2.0

Action                   |  1- 3 |  4- 6 |  7- 9 | 10-12 || total
-------------------------+-------+-------+-------+-------++-------
Melee: Club              |    10 |       |       |       ||    10
       Dagger            |    44 |   166 |   210 |   151 ||   571
       Short sword       |     3 |       |       |       ||     3
       Punch             |     1 |     2 |     6 |     2 ||    11
 Cast: Sandblast         |    28 |    56 |    49 |    19 ||   152
Invok: Sacrifice Skill   |       |       |     1 |       ||     1
       Sacrifice Artific |       |       |     1 |       ||     1
  Use: Scroll            |       |     4 |       |       ||     4
       Potion            |       |     1 |       |       ||     1
 Stab: Sleeping          |    12 |    12 |    16 |     3 ||    43
       Distracted        |       |       |     1 |     1 ||     2
       Invisible         |       |       |       |     1 ||     1
Armor: Robe              |    13 |    11 |     9 |    17 ||    50
       Leather armour    |       |    25 |    44 |       ||    69
Dodge: Dodged            |    49 |   136 |   131 |    89 ||   405
